 Dungeon Crawl Stone Soup version 0.19.0-2-gae57169 (webtiles) character file.

1789 mitcher2 the Archer (level 8, -1/61 HPs)
             Began as a High Elf Hunter on Nov 5, 2016.
             Was a Follower of Dithmenos.
             Slain by an ogre
             ... wielding a +0 giant spiked club
              (15 damage)
             ... on level 7 of the Dungeon.
             The game lasted 01:28:45 (7349 turns).

mitcher2 the Archer (High Elf Hunter)               Turns: 7349, Time: 01:28:46

Health: -1/61      AC:  7    Str: 11    XL:     8   Next: 82%
Magic:  9/9        EV: 13    Int: 15    God:    Dithmenos [*.....]
Gold:   289        SH:  0    Dex: 18    Spells: 0 memorised, 7 levels left

rFire  . . .     SeeInvis .     a - +2 shortbow
rCold  . . .     Gourm    .     B - +2 ring mail {rPois}
rNeg   . . .     Faith    .     (shield currently unavailable)
rPois  +         Spirit   .     (no helmet)
rElec  .         Reflect  .     (no cloak)
rCorr  .         Harm     .     (no gloves)
MR     .....                    (no boots)
Stlth  ++++......               (no amulet)
                                g - ring of stealth
                                (no ring)

@: wreathed by umbra
A: no striking features
a: Renounce Religion


You were on level 7 of the Dungeon.
You worshipped Dithmenos.
Dithmenos was aware of your devotion.
You were not hungry.

You visited 2 branches of the dungeon, and saw 9 of its levels.

You collected 289 gold pieces.

Inventory:

Hand Weapons
 a - a +2 shortbow (weapon)
 l - a +1 whip of electrocution
Missiles
 c - 37 bolts
 d - 6 arrows (quivered)
 e - 48 poisoned needles
 k - 216 stones
 n - 3 needles of paralysis
Armour
 t - a +0 robe
 B - a +2 ring mail of poison resistance (worn)
 C - a +0 robe of the Archmagi
Jewellery
 g - a ring of stealth (right hand)
 i - an uncursed ring of protection from fire
 w - an uncursed ring of wizardry
Scrolls
 b - a scroll of enchant weapon
 h - 5 scrolls of identify
 m - 2 scrolls of fear {unknown}
 q - a scroll of acquirement {unknown}
 s - a scroll of torment {unknown}
 y - a scroll of recharging
Potions
 o - a potion of heal wounds {unknown}
 p - 3 potions of curing
 r - 2 potions of degeneration {unknown}
 u - a potion of magic {unknown}
 v - a potion of resistance {unknown}
 x - a potion of lignification {unknown}
 z - a potion of cancellation {unknown}
 A - a potion of flight {unknown}
Comestibles
 f - 5 bread rations


   Skills:
 + Level 7.6 Fighting
 + Level 9.6 Bows
 + Level 5.5 Dodging
 * Level 4.6 Stealth


You had 7 spell levels left.
You didn't know any spells.

Dungeon Overview and Level Annotations

Branches:
Dungeon (8/15)             Temple (1/1) D:4
   Lair: D:8-11

Altars:
Ashenzari
Cheibriados
Dithmenos
Elyvilon
Fedhas
Gozag
Hepliaklqana
Kikubaaqudgha
Makhleb
Nemelex Xobeh
Okawaru
Qazlal
Sif Muna
Trog
Vehumet
Xom
Yredelemnul

Annotations:
D:5 jjjjhere's ghost, novice MiBe
D:7 Spurious's ghost, novice HOBe


Message History

Press: ? - help, Shift-Dir - straight line, f/p - big kobold
Aim: a big kobold, wielding a club (heavily wounded)
You shoot an arrow. The arrow barely misses the big kobold.
Firing (i - inventory. (,) - cycle):
d - 7 arrows (quivered)
Press: ? - help, Shift-Dir - straight line, f/p - big kobold
Aim: a big kobold, wielding a club (heavily wounded, umbra)
You shoot an arrow. The arrow barely misses the big kobold.
The big kobold hits you with a club.
* * * LOW HITPOINT WARNING * * *
Okay, then.
Spurious's ghost turns its malevolent gaze towards you.
The big kobold barely misses you.
Really attack while wielding your +2 shortbow? [Y]es or [N]o only, please.
Really attack while wielding your +2 shortbow?
Okay, then.
The ogre closely misses you. The big kobold hits you with a club!
* * * LOW HITPOINT WARNING * * *
The ogre hits you with a giant spiked club!
You die...

#.....####......# ########
#........#......# #((<....
##......#.#......## ##.#.####
...(........O.....+ +.>......
#.#####(#######..## ##.#.#### #.#
#.# #.(# ##.#..### #.# #K#
#..#######....<... #.# #.#
#..#........#..### ##.#####O####
#@.#........#..# .$..O......K#
#.O#........#..# ##.#.....##(#
#K.#........#..###
...#..#####(####..#..............
####..#<......##..#........#.....
#..#####...##W.#........#.....
#.)#.......##..#........#.....
#..#.......##..######'###.....
#......%.#.##.............#.##


You could see a big kobold, an ogre and Spurious's ghost.

Vanquished Creatures
  Sigmund (D:5)
  A hog (D:7)
  Duvessa (D:6)
  2 ogres
  A centaur (D:5)
  2 bullfrogs (D:6)
  2 scorpions
  Dowan (D:6)
  3 howler monkeys (D:5)
  2 bullfrog zombies (D:6)
  A gnoll shaman (D:6)
  4 hounds
  2 orc priests
  2 orc wizards
  2 iguanas
  3 worker ants
  A hound skeleton (D:6)
  A howler monkey skeleton (D:4)
  5 gnolls (D:6)
  9 adders
  3 oozes
  An adder skeleton (D:4)
  A worm (D:3)
  A dart slug (D:1)
  2 leopard geckos
  19 orcs
  A ball python (D:5)
  8 bats
  20 giant cockroaches
  10 goblins
  12 hobgoblins
  7 jackals
  4 quokkas
  6 frilled lizards
  A giant cockroach zombie (D:5)
  8 kobolds
  9 rats
159 creatures vanquished.

Vanquished Creatures (others)
  A human (D:6)
1 creature vanquished.

Grand Total: 160 creatures vanquished

Notes
Turn   | Place    | Note
-------+----------+-------------------------------------------
     0 | D:1      | mitcher2 the High Elf Hunter began the quest for the Orb.
     0 | D:1      | Reached XP level 1. HP: 14/14 MP: 2/2
   198 | D:1      | Reached XP level 2. HP: 20/20 MP: 3/3
   489 | D:1      | Reached XP level 3. HP: 23/26 MP: 4/4
   978 | D:2      | Found a faded altar of an unknown god.
  1172 | D:2      | Reached XP level 4. HP: 33/33 MP: 5/5
  2038 | D:3      | Reached skill level 5 in Fighting
  2054 | D:3      | Reached XP level 5. HP: 38/39 MP: 6/6
  2807 | D:4      | Reached skill level 6 in Bows
  3454 | D:4      | Reached XP level 6. HP: 45/45 MP: 7/7
  3534 | D:4      | Found a staircase to the Ecumenical Temple.
  3543 | Temple   | Entered the Ecumenical Temple
  3744 | Temple   | Became a worshipper of Dithmenos the Shadowed
  3818 | D:4      | Found a burning altar of Makhleb.
  4193 | D:5      | Entered Level 5 of the Dungeon
  4209 | D:5      | Reached skill level 7 in Bows
  4211 | D:5      | Noticed jjjjhere's ghost (novice MiBe)
  4350 | D:5      | Found a radiant altar of Vehumet.
  4408 | D:5      | Reached XP level 7. HP: 52/52 MP: 8/8
  4481 | D:5      | Found a burning altar of Makhleb.
  4545 | D:5      | Noticed Sigmund
  4783 | D:6      | Noticed Duvessa
  4783 | D:6      | Noticed Dowan
  4812 | D:5      | Killed Sigmund
  4812 | D:5      | Reached skill level 8 in Bows
  5191 | D:5      | Reached XP level 8. HP: 37/60 MP: 9/9
  5241 | D:5      | Reached * piety under Dithmenos
  5698 | D:6      | Reached skill level 9 in Bows
  5760 | D:6      | Found an ancient bone altar of Kikubaaqudgha.
  6020 | D:6      | Killed Dowan
  6075 | D:6      | Reached skill level 5 in Dodging
  6444 | D:6      | Killed Duvessa
  7300 | D:7      | Noticed Spurious's ghost (novice HOBe)
  7349 | D:7      | Slain by an ogre

Skill      XL: |  1  2  3  4  5  6  7  8 |
---------------+-------------------------+-----
Fighting       | 3 4 5 6 7 |  7.6
Bows           | 6 7 8 9 |  9.6
Dodging        | 3 4 5 |  5.5
Stealth        | 4 |  4.6

Action                   |  1- 3 |  4- 6 |  7- 9 || total
-------------------------+-------+-------+-------++-------
 Fire: Shortbow          |   103 |   236 |   255 ||   594
  Use: Scroll            |       |     2 |     8 ||    10
       Potion            |       |       |     2 ||     2
  Eat: Chunk             |       |     6 |       ||     6
       Beef jerky        |       |     1 |       ||     1
       Meat ration       |       |     1 |     2 ||     3
Armor: Leather armour    |     5 |    14 |       ||    19
       Ring mail         |       |     7 |    43 ||    50
Dodge: Dodged            |    27 |    48 |   111 ||   186
